 Dungeon Crawl Stone Soup version 0.28-a0-1510-gd0f6b136d3 (webtiles) character file.

Game seed: 4280865715981525156

10471 browni3141 the Arsonist (level 11, 0/68 HPs)
             Began as a Demonspawn Fire Elementalist on Jan 15, 2022.
             Was a Priest of Makhleb.
             Slain by a cyan ugly thing (13 damage)
             ... on level 10 of the Dungeon.
             The game lasted 00:33:59 (11277 turns).

browni3141 the Arsonist (DsFE)                     Turns: 11277, Time: 00:34:00

Health: 0/68       AC: 12    Str: 13    XL:     11   Next: 36%
Magic:  17/17      EV: 12    Int: 21    God:    Makhleb [***...]
Gold:   374        SH:  8    Dex: 13    Spells: 4/18 levels left

rFire   . . .      SeeInvis .   L - +5 dagger of Perfectionism {drain, Will++ Str+4}
rCold   . . .      Faith    .   (no shield)
rNeg    + . .      Spirit   .   C - +0 ring mail of the Comet {rN+ Will+}
rPois   .          Reflect  .   c - +1 hat
rElec   .          Harm     .   (no cloak)
rCorr   .          Rampage  .   d - +2 pair of gloves
Will    ++++.                   o - +1 pair of boots
Stlth   +.........              g - amulet of magic regeneration
HPRegen 0.21/turn               e - ring of willpower
MPRegen 0.70/turn               (no ring)

@: studying Slings
A: antennae 2, large bone plates 3, magic regeneration
a: Renounce Religion, Minor Destruction, Lesser Servant of Makhleb


You were on level 10 of the Dungeon.
You worshipped Makhleb.
Makhleb was most pleased with you.
You visited 2 branches of the dungeon, and saw 11 of its levels.
You also visited: Ossuary.

You collected 374 gold pieces.

Inventory:

Hand Weapons
 L - the +5 dagger of Perfectionism (weapon) {drain, Will++ Str+4}
   (You found it on level 7 of the Dungeon)

   A truly terrible weapon, it drains the life of any living foe it strikes.
   Str:       It affects your strength (+4).
   Will:      It greatly increases your willpower.
 N - a +0 falchion
 P - a +0 long sword
 Q - a +3 scimitar
Missiles
 D - 10 poisoned darts
Armour
 a - a +0 robe
 c - a +1 hat (worn)
 d - a +2 pair of gloves (worn)
 k - a +0 helmet
 o - a +1 pair of boots (worn)
 C - the +0 ring mail of the Comet (worn) {rN+ Will+}
   (You found it on level 6 of the Dungeon)

   rN:        It protects you from negative energy.
   Will:      It increases your willpower.
 K - a +2 ring mail of cold resistance
 O - +0 steam dragon scales
Jewellery
 e - a ring of willpower (left hand)
 g - an amulet of magic regeneration (around neck)
 q - a ring of ice
 y - an amulet of faith
Wands
 t - a wand of flame (24)
 v - a wand of digging (2)
 B - a wand of polymorph (14)
 G - a wand of iceblast (20)
 M - a wand of mindburst (12)
 T - a wand of charming (9)
Scrolls
 f - a scroll of enchant armour
 h - 6 scrolls of teleportation
 i - a scroll of magic mapping
 p - 2 scrolls of noise
 r - 3 scrolls of fear
 w - a scroll of holy word
 A - a scroll of torment
 E - a scroll of immolation
 F - a scroll of silence
 H - a scroll of amnesia
 R - 2 scrolls of identify
 S - a scroll of blinking
Potions
 b - a potion of haste {unknown}
 j - 5 potions of curing
 l - 4 potions of mutation {unknown}
 m - 3 potions of resistance {unknown}
 n - 4 potions of heal wounds
 s - 2 potions of ambrosia {unknown}
 u - 3 potions of attraction {unknown}
 x - a potion of invisibility {unknown}
 z - a potion of lignification {unknown}
 I - 2 potions of berserk rage {unknown}
 J - 5 potions of degeneration {unknown}


   Skills:
 * Level 4.6 Long Blades
 + Level 4.0 Armour
 + Level 4.6 Dodging
 - Level 1.7 Stealth
 - Level 4.0 Spellcasting
 - Level 6.0 Conjurations
 * Level 11.9 Fire Magic
 * Level 8.3 Invocations
 + Level 1.6 Evocations


You had 4 spell levels left.
You knew the following spells:

 Your Spells              Type           Power      Damage    Failure   Level
a - Foxfire               Conj/Fire      100%       2x1d9     1%          1
b - Scorch                Fire           100%       2d10      1%          2
c - Conjure Flame         Conj/Fire      41%        6-21      1%          3
d - Flame Wave            Conj/Fire      41%        2d8       6%          4
e - Sticky Flame          Conj/Fire      41%        2d6       6%          4

Your spell library contained the following spells:

 Spells                   Type           Power      Damage    Failure   Level
 Magic Dart               Conj           100%       1d8       1%          1
 Inner Flame              Hex/Fire       29%        N/A       6%          3
 Shock                    Conj/Air       64%        1d7       7%          1
 Static Discharge         Conj/Air       16%        N/A       11%         2
 Ignite Poison            Fire/Tmut/Pois 20%        N/A       14%         3
 Beastly Appendage        Tmut           8%         N/A       24%         1
 Pain                     Necr           16%        1d4       24%         1
 Mephitic Cloud           Conj/Pois/Air  12%        N/A       32%         3
 Call Imp                 Summ           4%         N/A       36%         2
 Sublimation of Blood     Necr           4%         N/A       36%         2
 Wereblood                Tmut           4%         N/A       36%         2
 Gell's Gravitas          Tloc           4%         N/A       58%         3
 Spider Form              Tmut/Pois      4%         N/A       58%         3
 Swiftness                Air            4%         N/A       58%         3
 Teleport Other           Tloc           4%         N/A       58%         3
 Airstrike                Air            2%         N/A       94%         4
 Dispel Undead            Necr           4%         3d7       94%         4
 Petrify                  Tmut/Erth      4%         N/A       94%         4
 Irradiate                Conj/Tmut      8%         3d16      89%         5
 Freezing Cloud           Conj/Ice/Air   6%         6-21      96%         5
 Agony                    Necr           4%         N/A       100%        5
 Excruciating Wounds      Necr           2%         N/A       100%        5
 Dispersal                Tloc           2%         N/A       100%        6


Dungeon Overview and Level Annotations

Branches:
Dungeon (10/15)            Temple (1/1) D:6            Lair (0/6) D:9
Ossuary (visited)
    Orc: D:9-12

Altars:
Ashenzari
Cheibriados
Dithmenos
Elyvilon
Fedhas
Gozag
Hepliaklqana
Kikubaaqudgha
Makhleb
Nemelex Xobeh
Okawaru
Qazlal
Ru
Sif Muna
Trog
Uskayaw
Vehumet
Wu Jian
Xom
Yredelemnul
Zin
The Shining One

Shops:
D:4 *

Annotations:
D:5 2 transporters, axecop's ghost, novice GrMo


Innate Abilities, Weirdness & Mutations

You have a pair of antennae on your head.
You are completely covered in large bone plates. (SH +8)
You regenerate magic rapidly.


Message History

Aiming: Sticky Flame (dangerous; 6% risk of failure)
Press: ? - help, Shift-Dir - straight line, f/p - tengu warrior
Aim: a tengu warrior, wielding a +0 war axe, wearing a +0 ring mail and wearing a +0 buckler (severely wounded, 100% to hit)
The sticky flame hits the tengu warrior.
The tengu warrior is severely wounded.
The tengu warrior is covered in liquid flames!
The tengu warrior burns!
The tengu warrior hits you with a +0 war axe!
You block the tengu warrior's attack.
The tengu warrior claws you but does no damage.
Unknown command.
The tengu warrior burns!
You kill the tengu warrior!
Makhleb accepts your kill.
You feel better.
Unknown command.
There is a stone staircase leading up here.
You climb upwards.
There is a stone staircase leading down here.
You start resting.
Magic restored.
There is a stone staircase leading down here.
You start resting.
HP restored.
You climb downwards.
There is a stone staircase leading up here.
A centaur warrior is nearby!
The centaur warrior shouts!
A cyan ugly thing comes into view.
The cyan ugly thing gurgles horribly!
The centaur warrior shoots an arrow.
The arrow hits you!
The centaur warrior shoots an arrow.
The arrow hits you.
The centaur warrior shoots an arrow.
The arrow hits you!!
The centaur warrior shoots an arrow.
The arrow hits you!
* * * LOW HITPOINT WARNING * * *
There is a stone staircase leading up, spattered with blood here.
The centaur warrior shoots an arrow.
You block the arrow. The cyan ugly thing tentacle-slaps you!
* * * LOW HITPOINT WARNING * * *
The cyan ugly thing shocks you!
You die...

.. ..# ...##
## .....# #.
..>... .##
... ......
##.# ....
......
#@u####....
....Q.
#.......#
.####.
##.......#
#.
#.....รท..#
#.
#..#...##.#
#. ####..##
.. ..
#.#..##..#..
.#
#....c...# .
..
###..#...#
.. #.


You could see a cyan ugly thing and a centaur warrior.

Vanquished Creatures
  A two-headed ogre (D:9)
  A tengu warrior (D:10)
  A manticore (D:10)
  A cyclops (D:10)
  Maggie (D:7)
  2 kobold demonologists
  Psyche (D:8)
  A troll (D:9)
  Grinder (D:3)
  Sigmund (D:2)
  2 wyverns (D:9)
  10 yaks
  Menkaure (D:5)
  Edmund (D:3)
  2 acid dragons
  4 water moccasins
  Duvessa (D:4)
  7 orc warriors
  A black bear (D:5)
  3 ice beasts
  2 necrophages
  2 ogres
  2 centaurs
  A phantom (D:5)
  A kobold brigand (D:6)
  A wyvern zombie (D:8)
  4 bullfrogs
  5 scorpions
  Dowan (D:4)
  9 wights
  A howler monkey (D:8)
  A bullfrog zombie (D:5)
  4 human zombies (Ossuary)
  6 centaur zombies
  3 orc priests
  2 gnoll shamans
  A hound (D:6)
  4 iguanas
  Natasha (thrice) (D:2)
  9 orc wizards
  2 hound skeletons (D:5)
  2 mummies (Ossuary)
  A howler monkey zombie (D:7)
  Robin (D:2)
  A howler monkey skeleton (D:6)
  2 adders
  11 gnolls
  3 shadow imps
  An adder skeleton (D:4)
  2 adder zombies (Ossuary)
  2 dart slugs
  3 worms
  32 orcs
  8 bats
  4 endoplasms
  2 giant cockroaches (D:1)
  16 goblins
  9 hobgoblins
  5 jackals
  A quokka (D:3)
  5 ball pythons
  6 frilled lizards
  2 goblin zombies (Ossuary)
  10 hobgoblin zombies (Ossuary)
  A jackal zombie (Ossuary)
  23 kobolds
  5 kobold zombies (Ossuary)
  9 orc zombies (Ossuary)
  3 rats (D:2)
  3 rat zombies (Ossuary)
280 creatures vanquished.

Vanquished Creatures (others)
  292 foxfires
  17 plants (D:6)
309 creatures vanquished.

Grand Total: 589 creatures vanquished

Notes
Turn   | Place    | Note
-------+----------+-------------------------------------------
     0 | D:1      | browni3141 the Demonspawn Fire Elementalist began the quest
                  | for the Orb.
     0 | D:1      | Reached XP level 1. HP: 13/13 MP: 3/3
    21 | D:1      | Reached skill level 3 in Fire Magic
   130 | D:1      | Gained mutation: You are partially covered in large bone
                  | plates. (SH +4) [demonic ancestry]
   130 | D:1      | Reached XP level 2. HP: 19/19 MP: 1/5
   362 | D:1      | Found a faded altar of an unknown god.
   869 | D:1      | Learned a level 2 spell: Scorch
   874 | D:2      | Gained mutation: You are mostly covered in large bone
                  | plates. (SH +6) [demonic ancestry]
   874 | D:2      | Reached XP level 3. HP: 24/24 MP: 2/6
   875 | D:2      | Reached skill level 4 in Fire Magic
  1025 | D:2      | Noticed Robin
  1075 | D:2      | Killed Robin
  1362 | D:2      | Noticed Sigmund
  1508 | D:2      | Noticed Natasha
  1513 | D:2      | Killed Natasha
  1514 | D:2      | Reached XP level 4. HP: 30/30 MP: 3/7
  1557 | D:2      | Reached skill level 5 in Fire Magic
  1738 | D:2      | Killed Sigmund
  1739 | D:2      | Reached skill level 6 in Fire Magic
  1739 | D:2      | Reached XP level 5. HP: 35/35 MP: 4/8
  1739 | D:2      | Gained mutation: You regenerate magic rapidly. [demonic
                  | ancestry]
  1739 | D:2      | Reached XP level 6. HP: 41/41 MP: 4/9
  2050 | D:3      | Noticed an orc warrior
  2486 | D:3      | Noticed Grinder
  2493 | D:3      | Killed Grinder
  2494 | D:3      | Reached skill level 7 in Fire Magic
  2494 | D:3      | Gained mutation: You have a pair of small antennae on your
                  | head. [demonic ancestry]
  2494 | D:3      | Reached XP level 7. HP: 46/46 MP: 2/10
  2883 | D:2      | Noticed Natasha
  2888 | D:2      | Killed Natasha
  2889 | D:2      | Reached skill level 8 in Fire Magic
  3911 | D:2      | Noticed Natasha
  3917 | D:2      | Killed Natasha
  3985 | D:4      | Noticed Edmund
  4066 | D:3      | Killed Edmund
  4085 | D:3      | Learned a level 3 spell: Conjure Flame
  4090 | D:3      | Learned a level 4 spell: Flame Wave
  4223 | D:4      | Found Qaoheamm's Mayhem Merchandise.
  4437 | D:4      | Noticed Duvessa
  4437 | D:4      | Noticed Dowan
  4508 | D:5      | Entered Level 5 of the Dungeon
  4573 | D:5      | Gained mutation: You have a pair of antennae on your head.
                  | [demonic ancestry]
  4573 | D:5      | Reached XP level 8. HP: 52/52 MP: 6/11
  4612 | D:5      | Reached skill level 9 in Fire Magic
  4719 | D:5      | Noticed Menkaure
  4725 | D:5      | Killed Menkaure
  5167 | D:5      | Found a transporter.
  5169 | D:5      | Noticed axecop's ghost (novice GrMo)
  5175 | D:5      | Found a transporter.
  5602 | D:4      | Killed Duvessa
  5629 | D:4      | Killed Dowan
  5749 | D:6      | Found a staircase to the Ecumenical Temple.
  5762 | D:6      | Reached skill level 10 in Fire Magic
  5762 | D:6      | Gained mutation: You are completely covered in large bone
                  | plates. (SH +8) [demonic ancestry]
  5762 | D:6      | Reached XP level 9. HP: 57/57 MP: 4/15
  6069 | Temple   | Entered the Ecumenical Temple
  6154 | Temple   | Became a worshipper of Makhleb the Destroyer
  6179 | D:6      | Identified the +0 ring mail of the Comet {rN+ Will+}
  6409 | D:6      | Reached skill level 1 in Invocations
  6468 | D:6      | Found Vyjimepn's Assorted Antiques.
  6637 | D:6      | Reached skill level 1 in Armour
  7148 | D:7      | Found a sand-covered staircase.
  7153 | Ossuary  | Entered an ossuary
  7159 | Ossuary  | Learned a level 4 spell: Sticky Flame
  7206 | Ossuary  | Reached * piety under Makhleb
  7368 | Ossuary  | Reached ** piety under Makhleb
  7520 | D:7      | Identified the +5 dagger of Perfectionism {drain, Will++
                  | Str+4}
  7541 | D:7      | Noticed Maggie
  7559 | D:7      | Killed Maggie
  8030 | D:7      | Reached skill level 5 in Invocations
  8040 | D:7      | Reached skill level 11 in Fire Magic
  8040 | D:7      | Reached XP level 10. HP: 48/63 MP: 6/16
  8073 | D:8      | Reached skill level 1 in Long Blades
  8285 | D:8      | Reached skill level 5 in Conjurations
  8637 | D:8      | Reached *** piety under Makhleb
  8868 | D:8      | Found a hide-covered altar of Uskayaw.
  8881 | D:8      | Noticed Psyche
  8898 | D:8      | Killed Psyche
  9531 | D:9      | Found a staircase to the Lair.
  9623 | D:9      | Noticed a two-headed ogre
  9826 | D:9      | Killed a two-headed ogre
  9845 | D:9      | Noticed a rust devil
  9850 | D:9      | Reached XP level 11. HP: 68/68 MP: 6/17
 10623 | D:10     | Entered Level 10 of the Dungeon
 10872 | D:10     | Reached skill level 1 in Evocations
 10883 | D:10     | Noticed a tengu warrior
 10937 | D:10     | Noticed a centaur warrior
 10940 | D:10     | Noticed an orc knight
 11153 | D:10     | Killed a tengu warrior
 11271 | D:10     | Noticed a cyan ugly thing
 11277 | D:10     | Slain by a cyan ugly thing

Illustrated notes

Levels and vault maps discovered:
D:1:      minmay_arrival_arboretum_small, layout_loops_cross,
          shapermc_ecumenical_altar_pompeii
D:2:      layout_basic, minmay_distorted, uniq_robin, uniq_natasha, uniq_sigmund
D:3:      layout_rooms, chequers_serial_rivers_small_b, uniq_grinder
D:4:      cheibrodos_helix_gallery, layout_rooms, minmay_shop_mayhem,
          uniq_duvessa, uniq_edmund
D:5:      layout_basic, gammafunk_ghost_arena, minmay_manual_mail, uniq_menkaure
D:6:      kennysheep_kobold_camp, layout_loops_cross, minmay_temple_entry_glass,
          serial_shops, nicolae_shop_stone, moated_statue
D:7:      layout_rooms, nicolae_ossuary_entry_plus, uniq_maggie
D:8:      layout_rooms, mainiacjoe_overflow_surrounded_room, uniq_psyche
D:9:      layout_long_grid, lair_entry_dummy, minmay_starry_boxes
D:10:     layout_layer_cave, special_room [special_room_orc], hex_medium,
          minivault_28
Temple:   grunt_wide_crystal_templ

Skill      XL: |  1  2  3  4  5  6  7  8  9 10 11 |
---------------+----------------------------------+-----
Fire Magic     | 3 4 6 7 8 10 11 | 11.9
Conjurations   | 4 5 6 |  6.0
Spellcasting   | 4 |  4.0
Dodging        | 3 4 |  4.6
Invocations    | 5 7 8 |  8.3
Armour         | 2 3 4 |  4.0
Long Blades    | 3 4 |  4.6
Evocations     | 1 |  1.6
Stealth        | |  1.7

Action                   |  1- 3 |  4- 6 |  7- 9 | 10-12 || total
-------------------------+-------+-------+-------+-------++-------
Melee: Unarmed           |       |     1 |     9 |       ||    10
       Dagger            |       |       |       |     8 ||     8
       Punch             |       |       |       |     2 ||     2
 Cast: Foxfire           |    48 |    22 |    43 |    62 ||   175
       Scorch            |    10 |    39 |   206 |    92 ||   347
       Conjure Flame     |       |       |     3 |     4 ||     7
       Flame Wave        |       |       |     6 |     6 ||    12
       Sticky Flame      |       |       |     5 |    15 ||    20
Evoke: Wand              |       |       |       |    19 ||    19
  Use: Potion            |       |       |     2 |       ||     2
       Scroll            |       |       |     8 |     3 ||    11
Armor: Robe              |     8 |    12 |     7 |       ||    27
       Ring mail         |       |       |    24 |    36 ||    60
Dodge: Dodged            |    16 |    13 |    41 |    54 ||   124
Block: Other             |     2 |     6 |    40 |    45 ||    93

Table legend: (Time is in decaauts)
 A = Elapsed time spent in this place.
 B = Non-inter-level travel time spent in this place.
 C = Inter-level travel time spent in this place.
 D = Time resting spent in this place.
 E = Time spent auto-exploring this place.
 F = Levels seen in this place.
 G = Mean time per level.
                   A        B        C        D        E       F      G
               +--------+--------+--------+--------+--------+-----+--------+
         Total |  11297 |  10117 |   1180 |   1059 |   6197 |  12 |  941.4 |
       Dungeon |  10886 |   9753 |   1133 |   1056 |   5997 |  10 | 1088.6 |
        Temple |    102 |     55 |     47 |      0 |     37 |   1 |  102.0 |
       Ossuary |    308 |    308 |      0 |      3 |    163 |   1 |  308.0 |
               +--------+--------+--------+--------+--------+-----+--------+

Top non-repeatable levels by time:
     D:2: 2338 daAuts
     D:9: 1166 daAuts
     D:6: 1153 daAuts
     D:5: 1138 daAuts
     D:8: 1134 daAuts
     D:7: 1089 daAuts
     D:3: 954 daAuts
     D:1: 901 daAuts
     D:4: 555 daAuts
    D:10: 453 daAuts
 Ossuary: 308 daAuts
  Temple: 102 daAuts
